 Dungeon Crawl Stone Soup version 0.30.1-3-gfc49f6343a (webtiles) character file.

Game seed: 12970344591194462521

746 Asher535 the Chopper (level 7, 0/60 HPs)
             Began as a Minotaur Berserker on July 27, 2023.
             Was a Priest of Trog.
             Engulfed by a steam dragon's steam (6 damage)
             ... on level 6 of the Dungeon on July 31, 2023.
             The game lasted 00:19:33 (4570 turns).

Asher535 the Chopper (Minotaur Berserker)           Turns: 4570, Time: 00:19:34

Health: 0/60       AC:  8    Str: 23    XL:     7   Next: 48%
Magic:  6/6        EV: 12    Int:  4    God:    Trog [***...]
Gold:   225        SH:  0    Dex: 10    Spells: 6/6 levels left

rFire   x . .        a - +0 hand axe
rCold   + . .        (no shield)
rNeg    . . .        m - +0 ring mail
rPois   .            (helmet restricted)
rElec   .            l - +0 cloak
rCorr   +            s - +0 pair of gloves
SInv    .            (no boots)
Will    .....        (no amulet)
Stlth   +            r - ring of resist corrosion
HPRegen 0.30/turn    y - ring of ice
MPRegen 0.10/turn

%: no passive effects
@: no status effects
A: horns 2, retaliatory headbutt
a: Renounce Religion, Berserk, Trog's Hand


You were on level 6 of the Dungeon.
You worshipped Trog.
Trog was most pleased with you.
You visited 1 branch of the dungeon, and saw 6 of its levels.

You collected 261 gold pieces.
You spent 36 gold pieces at shops.

Inventory:

Hand Weapons
 a - a +0 hand axe (weapon)
 n - a +2 sling of flaming
Missiles
 j - 13 poisoned darts (quivered)
Armour
 b - a +0 animal skin
 l - a +0 cloak (worn)
 m - a +0 ring mail (worn)
 s - a +0 pair of gloves (worn)
Jewellery
 r - a ring of resist corrosion (left hand)
 y - a ring of ice (right hand)
Wands
 z - a wand of iceblast (9)
 C - a wand of quicksilver (2)
Scrolls
 d - 2 scrolls of torment {unknown}
 e - a scroll of amnesia {unknown}
 g - 2 scrolls of noise {unknown}
 h - 2 scrolls of vulnerability {unknown}
 i - a scroll of fear {unknown}
 k - a scroll of silence {unknown}
 p - 9 scrolls of identify {unknown}
 u - a scroll of enchant weapon {unknown}
 D - a scroll of teleportation {unknown}
 F - a scroll of summoning {unknown}
Potions
 c - 2 potions of flight {unknown}
 f - 2 potions of ambrosia {unknown}
 o - 5 potions of brilliance {unknown}
 q - a potion of haste {unknown}
 t - a potion of cancellation {unknown}
 v - 4 potions of curing
 w - 2 potions of attraction {unknown}
 x - a potion of mutation {unknown}
 A - a potion of invisibility {unknown}
 B - 2 potions of degeneration {unknown}
 E - a potion of heal wounds {unknown}


   Skills:
 + Level 4.9 Fighting
 + Level 6.6 Axes
 + Level 1.9 Ranged Weapons
 + Level 3.4 Throwing
 + Level 4.9 Armour
 + Level 3.7 Dodging
 + Level 0.5 Stealth


You had 6 spell levels left.
You didn't know any spells.
Your spell library contained the following spells:

 Spells                   Type           Power      Damage    Failure   Level
 Magic Dart               Conj           0%         1d3       65%         1
 Summon Small Mammal      Summ           0%         N/A       65%         1
 Blink                    Tloc           0%         N/A       78%         2
 Lesser Beckoning         Tloc           0%         N/A       78%         2
 Momentum Strike          Conj/Tloc      0%         3d8       78%         2
 Searing Ray              Conj           0%         2d4       78%         2
 Call Canine Familiar     Summ           0%         N/A       95%         3
 Summon Guardian Golem    Hex/Summ       0%         N/A       95%         3
 Fulminant Prism          Conj/Hex       0%         3d5       100%        4


Dungeon Overview and Level Annotations

Branches:
Dungeon (6/15)
 Temple: D:4-7

Altars:

Shops:
D:1 ?(?   D:2 *   D:3 !


Innate Abilities, Weirdness & Mutations

You have a pair of horns on your head.
You reflexively headbutt those who attack you in melee.


Message History

j - 15 poisoned darts (gained 2)
Your skin stops crawling.
You feel less strong-willed.
Found a stone staircase leading down.
An ice beast and a steam dragon come into view.
The steam dragon hisses angrily.
The steam dragon breathes steam at you. The ball of steam misses you.
You feel yourself speed up. The steam dragon breathes steam at you.
The ball of steam hits you! The steam scalds you terribly!
Throw: 15 darts (poison)
Press: ? - help, Q - select action, (/) - cycle Shift-Dir - straight line, f - you Really target yourself? [Y]es or [N]o only, please.
Really target yourself? [Y]es or [N]o only, please.
Really target yourself?
Okay, then.
You are engulfed in a cloud of scalding steam.
You recover from your berserk rage.
Throw: 15 darts (poison)
Press: ? - help, Q - select action, (/) - cycle Shift-Dir - straight line, f - steam dragon
Aim: a steam dragon (59% to hit)
You throw a poisoned dart.
The poisoned dart barely misses the steam dragon.
Throw: 14 darts (poison)
Press: ? - help, Q - select action, (/) - cycle Shift-Dir - straight line, f/p - steam dragon
Aim: a steam dragon (59% to hit)
You throw a poisoned dart.
The poisoned dart hits the steam dragon.
The steam dragon is poisoned.
The steam dragon breathes steam at you. The ball of steam hits you!!
The steam scalds you terribly!
* * * LOW HITPOINT WARNING * * *
Things that are here:
a +1 short sword of protection; a kobold corpse
Found the +6 shillelagh "Devastator" {shatter}.
There is an escape hatch in the floor here.
You are engulfed in a cloud of scalding steam.
You die...

........#+#...... .).
#...##.#....###. ...
#......##....##. . #..
+............++.
..##..####......##....##.
.........#......##....###
.........#......###.....#
......§..#...(..# #......
......§.@#......###.....#
..#..§§§.##......#.....#
#..§.).##......###+##.
#..§D#)##......#
##.#§#)........#
...#§###..##.##...
###.#D# ##.##.# ...
+...#.# #..#.# ..
..#.....#####...#...#


You could see a steam dragon (poisoned).

Vanquished Creatures
  A black bear (D:5)
  An ogre (D:4)
  A kobold brigand (D:6)
  A scorpion (D:5)
  2 hounds
  A sleepcap (D:3)
  3 iguanas
  Natasha (thrice) (D:4)
  6 gnolls
  4 adders
  A shadow imp (D:6)
  4 worms
  2 dart slugs
  7 orcs
  8 endoplasms
  5 giant cockroaches
  7 goblins
  5 hobgoblins
  2 jackals (D:1)
  2 quokkas (D:2)
  2 ball pythons
  5 bats
  9 frilled lizards
  11 kobolds
  8 rats
101 creatures vanquished.

Notes
Turn   | Place    | Note
-------+----------+-------------------------------------------
     0 | D:1      | Asher535 the Minotaur Berserker began the quest for the
                  | Orb.
     0 | D:1      | Reached XP level 1. HP: 19/19 MP: 0/0
   296 | D:1      | Found Hemnakuz's Magic Scroll Boutique.
   365 | D:1      | Reached skill level 4 in Axes
   365 | D:1      | Reached XP level 2. HP: 26/27 MP: 1/1
   375 | D:1      | Found Anaborghutu's Antique Weapon Boutique.
   432 | D:1      | Found Ceru's Magic Scroll Shop.
  1089 | D:2      | Found a faded altar of an unknown god.
  1107 | D:2      | Found Meshregge's Assorted Antiques.
  1148 | D:2      | Reached ** piety under Trog
  1183 | D:2      | Reached XP level 3. HP: 25/33 MP: 2/2
  1649 | D:2      | Reached XP level 4. HP: 41/41 MP: 3/3
  2337 | D:3      | Reached skill level 5 in Axes
  2340 | D:3      | Reached skill level 1 in Ranged Weapons
  2391 | D:3      | Reached XP level 5. HP: 39/47 MP: 4/4
  2501 | D:3      | Reached skill level 1 in Throwing
  3126 | D:3      | Found Isaiwah's Distillery.
  3156 | D:3      | Bought a potion of curing for 36 gold pieces
  3384 | D:4      | Reached XP level 6. HP: 38/53 MP: 5/5
  3543 | D:4      | Noticed Natasha
  3553 | D:4      | Killed Natasha
  3691 | D:4      | Noticed Natasha
  3705 | D:4      | Killed Natasha
  3822 | D:4      | Noticed Natasha
  3829 | D:4      | Killed Natasha
  3830 | D:4      | Reached skill level 6 in Axes
  3945 | D:4      | Reached *** piety under Trog
  3983 | D:5      | Entered Level 5 of the Dungeon
  4056 | D:5      | Reached XP level 7. HP: 51/60 MP: 6/6
  4551 | D:6      | Noticed a steam dragon
  4569 | D:6      | Found the +6 shillelagh "Devastator" {shatter}
  4570 | D:6      | Engulfed by a steam dragon's steam

Illustrated notes

Levels and vault maps discovered:
D:1:      psy_arrival_spokes, layout_basic, serial_shops, shop, shop,
          nicolae_shop_peninsula, grunt_decor_clamped, chequers_arboretum,
          kennysheep_minor_cross
D:2:      layout_loops_corners, chequers_ecumenical_altar_simple_redux,
          serial_shops, nicolae_shop_hallway_stairs,
          chequers_serial_rivers_room_a
D:3:      layout_basic, serial_shops, shop
D:4:      layout_rooms, dk_vineyard_1, uniq_natasha
D:5:      layout_rooms, columned_hall_lemuel
D:6:      layout_basic, st_stairs_10

Skill      XL: |  1  2  3  4  5  6 |
---------------+-------------------+-----
Axes           | 4 5 6 |  6.6
Fighting       | 4 |  4.9
Ranged Weapons | 1 |  1.9
Armour         | 3 4 |  4.9
Throwing       | 1 3 |  3.4
Dodging        | 3 |  3.7
Stealth        | |  0.5

Action                     |  1- 3 |  4- 6 |  7- 9 || total
---------------------------+-------+-------+-------++-------
  Melee: Hand axe          |    58 |   102 |    25 ||   185
         Headbutt          |     6 |    23 |     4 ||    33
   Fire: Sling             |    16 |    13 |       ||    29
  Throw: Dart              |     1 |    69 |    23 ||    93
 Invoke: Berserk           |     1 |     3 |     1 ||     5
         Trog's Hand       |       |     1 |     1 ||     2
 Armour: Animal skin       |    11 |       |       ||    11
         Ring mail         |     6 |    41 |     8 ||    55
  Dodge: Dodged            |    44 |    74 |    15 ||   133
